 Dungeon Crawl Stone Soup version 0.26.0-10-g1f06aea511 (webtiles) character file.

Game seed: 12235814305925253410

7267 vatarom the Fighter (level 11, -10/119 HPs)
             Began as an Ogre Hunter on Jan 18, 2021.
             Was a Follower of Wu Jian.
             Killed by refrigeration
             ... invoked by Fannar
              (29 damage)
             ... on level 10 of the Dungeon.
             The game lasted 00:17:59 (13443 turns).

vatarom the Fighter (Ogre Hunter)                  Turns: 13443, Time: 00:18:00

Health: -10/119    AC:  9    Str: 18    XL:     11   Next: 12%
Magic:  11/11      EV: 11    Int: 12    God:    Wu Jian [*.....]
Gold:   653        SH:  0    Dex: 12    Spells: 10/10 levels left

rFire    . . .     SeeInvis .   I - +1 giant spiked club
rCold    . . .     Faith    .   (shield currently unavailable)
rNeg     . . .     Spirit   .   b - +0 robe
rPois    .         Reflect  .   (helmet restricted)
rElec    .         Harm     .   l - +1 cloak
rCorr    .         Rampage  .   (gloves unavailable)
Will     +....                  (boots unavailable)
Stlth    +.........             B - amulet of magic regeneration
HPRegen  0.29/turn              (no ring)
MPRegen  0.37/turn              p - +4 ring of protection

@: about to teleport
A: large, unfitting armour, tough skin 1
a: Renounce Religion


You were on level 10 of the Dungeon.
You worshipped Wu Jian.
Wu Jian was aware of your devotion.
You visited 2 branches of the dungeon, and saw 11 of its levels.

You collected 653 gold pieces.

Inventory:

Hand Weapons
 I - a +1 giant spiked club (weapon)
Missiles
 e - 4 boomerangs
 q - 12 poisoned darts (quivered)
 C - 2 javelins
Armour
 b - a +0 robe (worn)
 l - a +1 cloak (worn)
Jewellery
 h - an uncursed ring of flight
 p - a +4 ring of protection (right hand)
 w - an uncursed ring of wizardry
 B - an amulet of magic regeneration (around neck)
Wands
 c - a wand of iceblast (11) {@v4}
 n - a wand of digging (11) {@v1}
 s - a wand of disintegration (12)
 F - a wand of flame (13)
Scrolls
 g - 4 scrolls of remove curse {@r2}
 i - a scroll of teleportation {@r3}
 x - 2 scrolls of fog
 y - 2 scrolls of amnesia
Potions
 a - 2 potions of haste {@q3}
 f - a potion of cancellation {unknown}
 j - a potion of brilliance {unknown}
 k - a potion of attraction {unknown}
 m - a potion of might {@q4}
 r - a potion of berserk rage {unknown}
 u - a potion of degeneration {unknown}
 z - 4 potions of heal wounds {@q2}
 D - 3 potions of lignification {unknown}
 E - 4 potions of curing {unknown}
 H - a potion of invisibility {unknown}


   Skills:
 + Level 10.9 Fighting
 * Level 10.5 Maces & Flails
 - Level 8.8 Throwing
 + Level 1.9 Armour
 * Level 3.8 Dodging
 - Level 0.6 Stealth


You had 10 spell levels left.
You didn't know any spells.
Your spell library contained the following spells:

 Spells                   Type           Power        Failure   Level
 Magic Dart               Conj           0%           32%         1
 Poisonous Vapours        Pois/Air       0%           45%         2
 Searing Ray              Conj           0%           45%         2
 Conjure Flame            Conj/Fire      0%           69%         3
 Dazzling Flash           Conj/Hex       0%           69%         3
 Mephitic Cloud           Conj/Pois/Air  0%           69%         3
 Fulminant Prism          Conj/Hex       0%           97%         4
 Iskenderun's Mystic Bla  Conj/Tloc      0%           97%         4
 Freezing Cloud           Conj/Ice/Air   0%           100%        6


Dungeon Overview and Level Annotations

Branches:
Dungeon (10/15)            Temple (1/1) D:5            Lair (0/6) D:9
    Orc: D:9-12

Altars:
Ashenzari
Cheibriados
Dithmenos
Elyvilon
Fedhas
Gozag
Hepliaklqana
Kikubaaqudgha
Makhleb
Nemelex Xobeh
Okawaru
Qazlal
Ru
Sif Muna
Trog
Uskayaw
Vehumet
Wu Jian
Xom
Yredelemnul
Zin
The Shining One
Lugonu

Annotations:
D:9 2 transporters, alja1234's ghost, novice TeAE
D:10 Fannar


Innate Abilities, Weirdness & Mutations

You are too large for most types of armour.
You have tough skin. (AC +1)


Message History

Found a scroll of identify.
You spin and attack the ice beast.
You bludgeon the ice beast!!
The ice beast is almost dead.
Fannar looks more healthy.
The ice beast hits you but does no damage.
The ice beast hits you. The ice beast freezes you!
* * * LOW HITPOINT WARNING * * *
As you read the scroll of teleportation {@r3}, it crumbles to dust.
You feel strangely unstable. The ice beast hits you.
* * * LOW HITPOINT WARNING * * *
The ice beast freezes you!
* * * LOW HITPOINT WARNING * * *
The ice beast hits you but does no damage.
Fannar brushes some snowflakes from their robe.
You spin and attack the ice beast.
You puncture the ice beast!
You kill the ice beast!
Fannar gestures wildly while chanting.
Fannar drains the heat from the surrounding environment!
You feel very cold.
You die...

..........((........
...((([.............
#.(.###.............
#...# #.............
#..?# #.........>...
#...# #.(...........
#...# #.............
#...# #..(....(.....
#..@# #.............
#...###........#
#.#####..Ye..........#
#....................#
#...(.................
####.............#####...
.................# ..# .
................## .# #
#..................


You could see Fannar (icy armour) and an ice beast (summoned).

Vanquished Creatures
  Gastronok (D:10)
  A two-headed ogre (D:9)
  A gargoyle (D:10)
  2 wyverns
  7 yaks
  Edmund (D:6)
  A water moccasin (D:8)
  3 orc warriors
  An ice beast (D:5)
  A sky beast (D:5)
  2 necrophages
  2 black bears (D:9)
  4 ogres
  A centaur (D:6)
  A big kobold (D:6)
  4 bullfrogs
  Blork the orc (D:4)
  A water moccasin zombie (D:9)
  2 scorpions
  17 wights
  2 howler monkeys
  2 centaur zombies
  5 hounds
  3 orc priests
  A bullfrog skeleton (D:5)
  5 orc wizards
  An iguana (D:4)
  4 worker ants
  A hound skeleton (D:8)
  A worker ant zombie (D:9)
  3 adders (D:5)
  3 white imps
  3 ufetubi
  2 adder skeletons (D:4)
  A worm (D:5)
  3 dart slugs
  4 leopard geckos
  14 orcs
  4 ball pythons
  3 giant cockroaches
  8 goblins
  9 hobgoblins
  5 jackals (D:9)
  6 kobolds
  6 quokkas
  5 bats
  3 frilled lizards
  3 rats
164 creatures vanquished.

Vanquished Creatures (others)
  7 fungi (D:9)
  9 plants
16 creatures vanquished.

Grand Total: 180 creatures vanquished

Notes
Turn   | Place    | Note
-------+----------+-------------------------------------------
     0 | D:1      | vatarom the Ogre Hunter began the quest for the Orb.
     0 | D:1      | Reached XP level 1. HP: 22/22 MP: 1/1
   297 | D:1      | Reached XP level 2. HP: 25/31 MP: 2/2
   499 | D:1      | Reached skill level 1 in Maces & Flails
   730 | D:1      | Reached XP level 3. HP: 26/37 MP: 3/3
  1276 | D:2      | Found a white marble altar of Elyvilon.
  1588 | D:2      | Found a glowing silver altar of Zin.
  1820 | D:2      | Found a sacrificial altar of Ru.
  2260 | D:3      | Reached XP level 4. HP: 40/48 MP: 4/4
  2608 | D:3      | Found a snail-covered altar of Cheibriados.
  2731 | D:4      | Noticed Blork the orc
  2889 | D:4      | Reached XP level 5. HP: 28/53 MP: 5/5
  3101 | D:4      | Killed Blork the orc
  3102 | D:4      | Reached XP level 6. HP: 62/63 MP: 6/6
  3107 | D:4      | Reached skill level 5 in Throwing
  3138 | D:4      | Reached skill level 5 in Fighting
  3953 | D:5      | Entered Level 5 of the Dungeon
  4097 | D:5      | Noticed a sky beast
  4131 | D:5      | Killed a sky beast
  4132 | D:5      | Reached XP level 7. HP: 47/72 MP: 7/7
  4507 | D:5      | Found a shadowy altar of Dithmenos.
  4658 | D:5      | Found a staircase to the Ecumenical Temple.
  4689 | Temple   | Entered the Ecumenical Temple
  4788 | Temple   | Became a worshipper of the Wu Jian Council
  5084 | D:5      | Found a shimmering blue altar of Sif Muna.
  5084 | D:5      | Found an opulent altar of Gozag.
  5089 | D:5      | Found a broken altar of Ashenzari.
  5091 | D:5      | Found a basalt altar of Yredelemnul.
  5092 | D:5      | Found a faded altar of an unknown god.
  5129 | D:5      | Reached skill level 5 in Maces & Flails
  5332 | D:5      | Found a glowing golden altar of the Shining One.
  5333 | D:5      | Found a sacrificial altar of Ru.
  5707 | D:5      | Found an iron altar of Okawaru.
  5910 | D:6      | Reached XP level 8. HP: 39/84 MP: 8/8
  6124 | D:6      | Noticed Edmund
  6460 | D:6      | Killed Edmund
  6943 | D:7      | Noticed a wyvern
  6950 | D:7      | Killed a wyvern
  8296 | D:7      | Reached XP level 9. HP: 94/96 MP: 9/9
  8478 | D:7      | Found a shimmering blue altar of Sif Muna.
  8837 | D:8      | Reached * piety under Wu Jian
  9450 | D:8      | Found a burning altar of Makhleb.
  9546 | D:9      | Found a transporter.
 10901 | D:9      | Reached XP level 10. HP: 107/107 MP: 10/10
 10962 | D:9      | Found a staircase to the Lair.
 10999 | D:9      | Noticed a two-headed ogre
 11005 | D:9      | Killed a two-headed ogre
 11241 | D:9      | Reached skill level 10 in Fighting
 11506 | D:9      | Found a transporter.
 11955 | D:9      | Noticed alja1234's ghost (novice TeAE)
 12308 | D:10     | Entered Level 10 of the Dungeon
 12576 | D:10     | Noticed a gargoyle
 12609 | D:9      | Reached skill level 10 in Maces & Flails
 12937 | D:10     | Noticed Gastronok
 12948 | D:10     | Noticed Fannar
 12950 | D:10     | Killed Gastronok
 12951 | D:10     | Reached skill level 1 in Armour
 12951 | D:10     | Reached XP level 11. HP: 63/119 MP: 11/11
 13443 | D:10     | Killed from afar by Fannar

Illustrated notes

Levels and vault maps discovered:
D:1:      dpeg_arrival_rhombus, layout_loops_ring, minmay_shallow_snake_nest
D:2:      layout_rooms, lemuel_doored_altar, lemuel_round_altar,
          chequers_arboretum, nicolae_ru_path_of_blood
D:3:      layout_rooms, kennysheep_slug_shrine
D:4:      layout_loops_ring, uniq_blork_the_orc
D:5:      layout_gridville, grunt_dithmenos_smoke,
          chequers_temple_overflow_minitemple, gammafunk_temple_overflow_pools,
          minmay_temple_entry_mini_moons, basic_altar
D:6:      layout_gridville, uniq_edmund
D:7:      layout_cave_pools, serial_park_tiny_1, tgw_sif
D:8:      layout_loops_ring, makhleb_blood_cavern_becter
D:9:      layout_gridville, grunt_lair_entry_orc_guard_hut,
          gammafunk_ghost_abyssal_escape
D:10:     layout_small_grid, kennysheep_generic_room_7, uniq_fannar,
          uniq_gastronok
Temple:   kb_corrupted_temple

Skill      XL: |  1  2  3  4  5  6  7  8  9 10 |
---------------+-------------------------------+-----
Fighting       | 3 4 5 6 7 9 10 | 10.9
Maces & Flails | 1 2 3 4 5 7 8 10 | 10.5
Throwing       | 5 6 8 |  8.8
Armour         | 1 |  1.9
Dodging        | 3 |  3.8
Stealth        | |  0.6

Action                   |  1- 3 |  4- 6 |  7- 9 | 10-12 || total
-------------------------+-------+-------+-------+-------++-------
Melee: Short sword       |    10 |       |       |       ||    10
       Mace              |   114 |    88 |     3 |       ||   205
       Giant club        |       |       |   198 |       ||   198
       Giant spiked club |       |       |   114 |   119 ||   233
Throw: Dart              |     4 |    20 |    21 |     5 ||    50
       Large rock        |       |    11 |       |     4 ||    15
       Javelin           |       |     2 |       |     7 ||     9
       Throwing net      |       |       |       |     2 ||     2
       Boomerang         |       |       |       |     5 ||     5
Invok: Lunge             |       |       |    21 |     5 ||    26
       Whirlwind         |       |       |     8 |    26 ||    34
Evoke: Wand              |       |       |     4 |       ||     4
  Use: Scroll            |       |     4 |    11 |     1 ||    16
       Potion            |       |       |     2 |     1 ||     3
 Stab: Sleeping          |       |     1 |     3 |       ||     4
       Held in net/web   |       |       |       |     1 ||     1
Armor: Robe              |    49 |    25 |   156 |    47 ||   277
Dodge: Dodged            |   106 |    61 |   253 |    88 ||   508
